 Dungeon Crawl Stone Soup version 0.24.1-14-gf8d2b509d9 (webtiles) character file.

Game seed: 13727215389330518630, levelgen mode: deterministic

93 Descartes the Ducker (level 4, 0/19 HPs)
             Began as a Felid Transmuter on May 25, 2020.
             Killed from afar by Ijyb (11 damage)
             ... with a puff of flame
             ... on level 2 of the Dungeon.
             The game lasted 00:10:20 (4320 turns).

Descartes the Ducker (Felid Transmuter)             Turns: 4320, Time: 00:10:21

Health: 0/19       AC:  1    Str:  7    XL:     4   Next: 37%
Magic:  0/8        EV: 19    Int: 14    God:
Gold:   78         SH:  0    Dex: 16    Spells: 4/7 levels left
                                        Lives:  0   Deaths: 1

rFire    . . .     SeeInvis +     - Unarmed
rCold    . . .     Gourm    .   (shield unavailable)
rNeg     . . .     Faith    .   (armour unavailable)
rPois    .         Spirit   .   (helmet unavailable)
rElec    .         Reflect  .   (cloak unavailable)
rCorr    .         Harm     .   (gloves unavailable)
MR       .....                  (boots unavailable)
Stlth    +++.......             (no amulet)
HPRegen  0.06/turn              (no ring)
MPRegen  0.11/turn              (no ring)

@: very slightly contaminated, quick
A: very small, no armour, no weapons or thrown items, stealth, claws 1, fangs 3,
see invisible, carnivore, speed 1, shaggy fur 1, slow metabolism 1, sharp paws
a: no special abilities


You were on level 2 of the Dungeon.
You were very full.

You visited 1 branch of the dungeon, and saw 3 of its levels.

You collected 78 gold pieces.

Inventory:

Missiles
 a - 33 arrows
 d - 99 stones
Scrolls
 e - a scroll of remove curse {unknown}
 i - a scroll of teleportation {unknown}
 m - a scroll of fog {unknown}
Potions
 b - a potion of agility
 g - a potion of might
 h - a potion of heal wounds {unknown}
 k - 2 potions of haste
 l - a potion of lignification
 n - a potion of curing {unknown}
Comestibles
 c - 3 rations


   Skills:
 + Level 1.7 Fighting
 * Level 3.9 Dodging
 * Level 3.1 Stealth
 * Level 3.8 Unarmed Combat
 + Level 2.4 Spellcasting
 + Level 2.8 Transmutations


You had 4 spell levels left.
You knew the following spells:

 Your Spells              Type           Power        Failure   Level  Hunger
a - Beastly Appendage     Tmut           #.....       7%          1    #......
b - Sticks to Snakes      Tmut           #.......     11%         2    ###....

Your spell library contained the following spells:

 Spells                   Type           Power        Failure   Level  Hunger
 Spider Form              Tmut/Pois      #.........   36%         3    ###....
 Ice Form                 Ice/Tmut       #.......     77%         4    #####..
 Blade Hands              Tmut           #.........   89%         5    ######.


Dungeon Overview and Level Annotations

Branches:
Dungeon (3/15)

Altars:
Makhleb

Annotations:
D:2 exclusion: downstairs, Ijyb
D:3 Grinder


Innate Abilities, Weirdness & Mutations

You cannot wear armour.
You are incapable of wielding weapons or throwing items.
Your paws allow you to move quietly. (Stealth)
You have sharp claws.
You have razor-sharp teeth.
You have supernaturally acute eyesight. (SInv)
You are carnivorous and can eat meat at any time.
You cover ground quickly.
You are covered in fur. (AC +1)
You have a slow metabolism.
Your sharp claws are effective at attacking unaware monsters.


Message History

Your ball python constricts Ijyb.
Casting: Sticks to Snakes (safe; 11% risk of failure)
Confirm with . or Enter, or press ? or * to list all spells.
You create a snake!
You now have 33 arrows.
Ijyb hits your ball python with a +0 club.
Your ball python dies!
Your ball python bites Ijyb but does no damage.
Your ball python constricts Ijyb.
You swap places.
Ijyb hits your ball python with a +0 club.
Your ball python dies!
Casting: Sticks to Snakes (safe; 11% risk of failure)
Confirm with . or Enter, or press ? or * to list all spells.
You don't have enough magic to cast that spell.
Casting: Sticks to Snakes (safe; 11% risk of failure)
Confirm with . or Enter, or press ? or * to list all spells.
You don't have enough magic to cast that spell.
Ijyb zaps a wand.
The puff of flame hits you!
Ouch! That really hurt!
You die...

# #.#.#......#
#.#####.........
#####.#.#......# #.#
#.........
#...#.#.#...8..###.#
#.........
##..#.#.#.......##.#
#.........
....#...........##.#
#.........
###.###.#...##..##.#
#.........
#.##........#.##.#
#.........
#.#########.#..#.#
#......... #.# #.##@#.#
####.#####
#.#########.##...#
#........ #
#.........#.###.S#
#........ #
########.##.# #.>#
#........ # #.##.# ##g#
#........ #
#....####.#### #).......
#
##...........###........
#
#............))........
#
#...........###########


You could see Ijyb and a friendly ball python.

Vanquished Creatures
  Terence (D:2)
  An adder (D:2)
  An ooze (D:2)
  4 adder zombies (D:2)
  An adder skeleton (D:2)
  4 worms (D:2)
  3 dart slugs
  A leopard gecko (D:2)
  A ball python (D:2)
  3 bat skeletons (D:2)
  3 bat zombies (D:2)
  3 giant cockroaches
  7 goblins
  9 hobgoblins
  5 jackals (D:2)
  7 kobolds
  5 bats
  4 frilled lizards
  2 leopard gecko skeletons (D:2)
  A quokka zombie (D:2)
  7 rats
73 creatures vanquished.

Notes
Turn   | Place    | Note
-------+----------+-------------------------------------------
     0 | D:1      | Descartes the Felid Transmuter began the quest for the Orb.
     0 | D:1      | Reached XP level 1. HP: 9/9 MP: 4/4
    50 | D:1      | You fall into a shaft and drop 1 floor!
   372 | D:2      | Reached skill level 1 in Stealth
   372 | D:2      | Reached XP level 2. HP: 3/12 MP: 6/6
   894 | D:2      | Found a burning altar of Makhleb.
   910 | D:2      | Reached XP level 3. HP: 14/15 MP: 5/7
  2124 | D:1      | Reached XP level 4. HP: 19/19 MP: 5/8
  2450 | D:1      | Learned a level 2 spell: Sticks to Snakes
  3273 | D:2      | Slain by an adder
  3274 | D:2      | Reached XP level 3. HP: -1/15 MP: 7/7
  3353 | D:2      | Noticed Terence
  3374 | D:2      | Killed Terence
  3374 | D:2      | Reached XP level 4. HP: 9/19 MP: 8/8
  4023 | D:2      | Found a burning altar of Makhleb.
  4275 | D:3      | Noticed Grinder
  4310 | D:3      | Noticed Ijyb
  4320 | D:2      | Killed from afar by Ijyb

Levels and vault maps discovered:
D:1:      wheals_arrival_linesprint, layout_basic
D:2:      layout_basic, serial_undead, serial_undead_a, serial_undead_d,
          serial_undead_e, serial_undead_d, serial_undead_d, serial_undead_a,
          bloody_makhleb, uniq_terence
D:3:      layout_loops_ring, serial_bayou_lagoon_a, uniq_grinder, uniq_natasha,
          uniq_sigmund, uniq_ijyb

Skill      XL: |  1  2  3 |
---------------+----------+-----
Dodging        | 3 |  3.9
Stealth        | 1 3 |  3.1
Fighting       | |  1.7
Unarmed Combat | |  3.8
Spellcasting   | |  2.4
Transmutations | |  2.8

Action                   |  1- 3 |  4- 6 || total
-------------------------+-------+-------++-------
Melee: Unarmed           |   146 |    79 ||   225
       Headbutt          |    18 |    10 ||    28
       Bite              |    12 |     4 ||    16
       Punch             |     3 |       ||     3
 Cast: Beastly Appendage |    30 |    23 ||    53
       Sticks to Snakes  |       |     3 ||     3
  Use: Scroll            |     3 |       ||     3
       Potion            |       |     1 ||     1
 Stab: Sleeping          |     5 |     7 ||    12
  Eat: Chunk             |    16 |     4 ||    20
Armor: Skin              |     6 |     7 ||    13
Dodge: Dodged            |   129 |    84 ||   213
